 Dungeon Crawl Stone Soup version 0.29-a0-802-g34511f41fd (webtiles) character file.

Game seed: 2698584052861145471

1666 kevlar127 the Ruffian (level 8, -7/83 HPs)
             Began as a Troll Berserker on July 3, 2022.
             Was an Elder of Trog.
             Mangled by an ogre
             ... wielding a +0 giant club
              (23 damage)
             ... on level 7 of the Dungeon.
             The game lasted 00:12:44 (4447 turns).

kevlar127 the Ruffian (Troll Berserker)             Turns: 4447, Time: 00:12:45

Health: -7/83      AC:  8    Str: 28    XL:     8   Next: 69%
Magic:  16/16      EV: 10    Int:  3    God:    Trog [****..]
Gold:   167        SH:  0    Dex:  9    Spells: 7/7 levels left

rFire   . . .      SeeInvis .     - Unarmed
rCold   . . .      Faith    .   (no shield)
rNeg    . . .      Spirit   .   a - +0 animal skin
rPois   .          Reflect  .   (helmet restricted)
rElec   .          Harm     .   (no cloak)
rCorr   .          Rampage  .   (gloves unavailable)
Will    .....                   (boots unavailable)
Stlth   +.........              (no amulet)
HPRegen 1.03/turn               h - +4 ring of protection
MPRegen 0.15/turn               B - ring of magical power

@: about to teleport, marked
A: large, unfitting armour, claws 3, regeneration 1, shaggy fur 1, tough skin 1
a: Renounce Religion, Berserk, Trog's Hand, Brothers in Arms


You were on level 7 of the Dungeon.
You worshipped Trog.
Trog was greatly pleased with you.
You visited 1 branch of the dungeon, and saw 7 of its levels.

You collected 286 gold pieces.
You spent 119 gold pieces at shops.

Inventory:

Missiles
 f - 76 stones (quivered)
 g - 4 atropa-tipped darts
 s - 6 poisoned darts
 y - 2 boomerangs
 D - 2 throwing nets
Armour
 a - a +0 animal skin (worn)
Jewellery
 h - a +4 ring of protection (left claw)
 B - a ring of magical power (right claw)
 I - a ring of wizardry
Wands
 l - a wand of charming (13)
Scrolls
 e - 9 scrolls of identify
 m - 2 scrolls of fog {unknown}
 n - a scroll of brand weapon {unknown}
 o - 3 scrolls of magic mapping
 p - a scroll of fear {unknown}
 q - a scroll of teleportation
 r - a scroll of vulnerability {unknown}
 v - a scroll of blinking {unknown}
 z - a scroll of poison {unknown}
 A - a scroll of noise {unknown}
 C - 3 scrolls of amnesia {unknown}
 F - a scroll of immolation {unknown}
 G - a scroll of enchant armour {unknown}
 J - a scroll of acquirement {unknown}
Potions
 b - 2 potions of might {unknown}
 c - 2 potions of attraction {unknown}
 d - a potion of lignification {unknown}
 i - 3 potions of cancellation {unknown}
 j - 5 potions of heal wounds {unknown}
 k - a potion of ambrosia {unknown}
 t - a potion of flight {unknown}
 u - 2 potions of curing {unknown}
 w - 3 potions of mutation {unknown}
 x - a potion of resistance {unknown}
 E - a potion of haste {unknown}
 H - a potion of invisibility {unknown}
 K - a potion of degeneration {unknown}


   Skills:
 + Level 6.1 Fighting
 + Level 3.5 Throwing
 - Level 3.0 Dodging
 + Level 7.4 Unarmed Combat
 + Level 2.1 Evocations


You had 7 spell levels left.
You didn't know any spells.
Your spell library was empty.

Dungeon Overview and Level Annotations

Branches:
Dungeon (7/15)             Temple (0/1) D:5

Altars:

Shops:
D:3 ?   D:4 *


Innate Abilities, Weirdness & Mutations

You are too large for most types of armour.
You have claws for hands.
Your natural rate of healing is unusually fast.
You are covered in fur. (AC +1)
You have tough skin. (AC +1)


Message History

The orc wizard barely misses you.
The orc warrior hits you with a +0 battleaxe!
You barely miss the orc warrior.
You are too confused!
An orc comes into view. It is wielding a +0 hand axe.
You claw the ogre!
The ogre is heavily wounded.
You feel less confused. The iguana barely misses you.
The ogre closely misses you.
You barely miss the ogre.
The ogre is heavily wounded.
The iguana closely misses you.
An orc wizard comes into view. It is wielding a +0 dagger.
The orc wizard points at you and mumbles some strange words.
The puff of flame misses you.
The orc warrior hits you with a +0 battleaxe!
The orc wizard casts a spell.
The orc wizard flickers and vanishes!
Deactivating autopickup; reactivate with Ctrl-A.
The scorpion barely misses you. The ogre hits you with a +0 giant club!
* * * LOW HITPOINT WARNING * * *
You scratch the ogre but do no damage.
The ogre is heavily wounded.
The scorpion barely misses you. The iguana bites you.
* * * LOW HITPOINT WARNING * * *
The orc wizard mumbles some strange words.
The orc wizard flickers and vanishes!
The orc warrior closely misses you. The orc hits you but does no damage.
The orc wizard hits you with a +0 dagger.
* * * LOW HITPOINT WARNING * * *
An orc comes into view. It is wielding a +0 flail.
As you read the scroll of teleportation, it crumbles to dust.
You feel strangely unstable. The scorpion stings you.
* * * LOW HITPOINT WARNING * * *
The iguana bites you but does no damage.
Something hits you but does no damage.
The orc wizard hits you but does no damage.
The orc hits you but does no damage.
The ogre hits you with a +0 giant club!!
You die...

#.)##..##.....+ ...
#.............# ...
#.........<...# ...#
#####..##....##....#
##..########....#
#...............#
#.......)..!....#
######.{O.......#
#o@lF##....# #.so.#
...# ...oo..# ###
####.o..+ #....#
..o..# ##....#
#o...#


You could see an orc warrior, an ogre, a bullfrog, a scorpion, an iguana, 2 orc
wizards and 4 orcs.

Vanquished Creatures
  Eustachio (D:4)
  A water moccasin (D:6)
  A centaur (D:7)
  2 phantoms (D:5)
  3 necrophages
  A scorpion (D:6)
  5 wights (D:6)
  4 hounds
  A jelly (D:6)
  3 iguanas
  Natasha (thrice) (D:4)
  11 adders
  13 gnolls
  A river rat (D:5)
  2 white imps (D:6)
  10 worms
  4 dart slugs
  8 orcs
  8 bats
  5 endoplasms
  3 giant cockroaches
  4 hobgoblins
  4 jackals (D:1)
  8 kobolds
  5 quokkas
  11 ball pythons
  8 frilled lizards
  5 goblins
  8 rats
143 creatures vanquished.

Notes
Turn   | Place    | Note
-------+----------+-------------------------------------------
     0 | D:1      | kevlar127 the Troll Berserker began the quest for the Orb.
     0 | D:1      | Reached XP level 1. HP: 22/22 MP: 0/0
    40 | D:1      | Reached XP level 2. HP: 4/29 MP: 1/1
   400 | D:1      | Reached XP level 3. HP: 37/37 MP: 2/2
   812 | D:2      | Reached skill level 4 in Unarmed Combat
   851 | D:2      | Reached ** piety under Trog
   896 | D:2      | Reached XP level 4. HP: 45/45 MP: 3/3
  1707 | D:3      | Found Heomeem's Magic Scroll Emporium.
  1712 | D:3      | Bought a scroll of identify for 28 gold pieces
  1712 | D:3      | Bought a scroll of teleportation for 42 gold pieces
  1712 | D:3      | Bought a scroll of magic mapping for 49 gold pieces
  1880 | D:3      | Reached XP level 5. HP: 52/54 MP: 4/4
  1902 | D:3      | Reached *** piety under Trog
  2191 | D:4      | Found Goeklib's General Store.
  2204 | D:4      | Noticed Eustachio
  2217 | D:4      | Killed Eustachio
  2218 | D:4      | Reached skill level 5 in Unarmed Combat
  2218 | D:4      | Reached XP level 6. HP: 57/63 MP: 5/5
  2310 | D:4      | Noticed Natasha
  2313 | D:4      | Killed Natasha
  2376 | D:4      | Noticed Natasha
  2383 | D:4      | Killed Natasha
  2532 | D:4      | Noticed Natasha
  2537 | D:4      | Killed Natasha
  2576 | D:5      | Entered Level 5 of the Dungeon
  2600 | D:5      | Reached skill level 5 in Fighting
  2600 | D:5      | Reached skill level 6 in Unarmed Combat
  2600 | D:5      | Reached XP level 7. HP: 65/72 MP: 6/6
  2689 | D:5      | Found a staircase to the Ecumenical Temple.
  3040 | D:5      | Reached skill level 1 in Throwing
  3114 | D:5      | Reached **** piety under Trog
  3753 | D:6      | Reached XP level 8. HP: 66/81 MP: 7/7
  3904 | D:6      | Reached skill level 1 in Evocations
  3917 | D:6      | Reached skill level 7 in Unarmed Combat
  4447 | D:7      | Mangled by an ogre

Illustrated notes

Levels and vault maps discovered:
D:1:      ebering_hopf_link, layout_loops_ring, nrook_campfire
D:2:      layout_basic
D:3:      layout_basic, serial_shops, nicolae_shop_hallway_stairs,
          minmay_pentangle
D:4:      layout_rooms, serial_shops, kennysheep_mini, uniq_natasha,
          uniq_eustachio
D:5:      kennysheep_spiral_hall, layout_basic, minmay_temple_entry_large_hall,
          lightli_sewer_entry_pipes
D:6:      layout_basic
D:7:      layout_gridville, bh_walls_and_bars, uniq_prince_ribbit1

Skill      XL: |  1  2  3  4  5  6  7  8 |
---------------+-------------------------+-----
Fighting       | 3 4 5 6 |  6.1
Unarmed Combat | 4 5 6 7 |  7.4
Throwing       | 2 3 |  3.5
Dodging        | 3 |  3.0
Evocations     | 2 |  2.1

Action                   |  1- 3 |  4- 6 |  7- 9 || total
-------------------------+-------+-------+-------++-------
Melee: Unarmed           |    87 |   167 |   170 ||   424
       Punch             |     2 |     1 |     4 ||     7
Invok: Berserk           |     1 |       |     2 ||     3
       Trog's Hand       |       |       |     1 ||     1
  Use: Scroll            |       |       |     1 ||     1
Armor: Animal skin       |    40 |    68 |    56 ||   164
Dodge: Dodged            |    44 |    78 |    85 ||   207

Table legend: (Time is in decaauts)
 A = Elapsed time spent in this place.
 B = Non-inter-level travel time spent in this place.
 C = Inter-level travel time spent in this place.
 D = Time resting spent in this place.
 E = Time spent auto-exploring this place.
 F = Levels seen in this place.
 G = Mean time per level.
                   A        B        C        D        E       F      G
               +--------+--------+--------+--------+--------+-----+--------+
         Total |   4473 |   4273 |    200 |     94 |   3247 |   7 |  639.0 |
       Dungeon |   4473 |   4273 |    200 |     94 |   3247 |   7 |  639.0 |
               +--------+--------+--------+--------+--------+-----+--------+

Top non-repeatable levels by time:
     D:5: 1074 daAuts
     D:6: 770 daAuts
     D:2: 764 daAuts
     D:1: 730 daAuts
     D:3: 561 daAuts
     D:4: 512 daAuts
     D:7: 60 daAuts
